 Dungeon Sprint DCSS version 0.21-a0-346-g330ab2c (webtiles) character file.

14 Kidiri the Skirmisher (level 2, -3/40 HPs)
             Began as a Draconian Berserker on Oct 5, 2017.
             Was a Believer of Trog.
             Slain by an orc warrior
             ... wielding a +2 halberd of freezing
              (17 damage)
             ... in the Dungeon (Sprint VII: "The Pits").
             The game lasted 00:00:52 (189 turns).

Kidiri the Skirmisher (Draconian Berserker)          Turns: 189, Time: 00:00:53

Health: -3/40      AC:  4    Str: 24    XL:     2   Next: 31%
Magic:  2/2        EV: 13    Int:  7    God:    Trog [**....]
Gold:   0          SH:  0    Dex: 10    Spells: 1/1 levels left

rFire    . . .     SeeInvis .   a - +2 mace
rCold    . . .     Gourm    .   (no shield)
rNeg     . . .     Faith    .   (armour unavailable)
rPois    .         Spirit   .   (helmet restricted)
rElec    .         Reflect  .   (no cloak)
rCorr    .         Harm     .   (no gloves)
MR       ++...     NoTele   +   (no boots)
Stlth    ..........             (no amulet)
HPRegen  1.13/turn              (no ring)
MPRegen  0.08/turn              (no ring)

@: berserking, regenerating, very quick
A: unfitting armour, cold-blooded, AC +4
a: Berserk, Trog's Hand, Burn Spellbooks, Renounce Religion


You were in the Dungeon.
You worshipped Trog.
Trog was pleased with you.
You were not hungry.

You visited 1 branch

Inventory:

Hand Weapons
 a - a +2 mace (weapon)
Scrolls
 h - a scroll of blinking
 j - 3 scrolls of remove curse
 k - a scroll of summoning
Potions
 c - a potion of curing
 d - a potion of heal wounds
 e - a potion of haste
 f - 4 potions of magic
 g - 3 potions of berserk rage
 i - 2 potions of invisibility
Comestibles
 b - 8 bread rations
 l - 40 fruits
 m - 7 meat rations
 n - 2 chunks of flesh


   Skills:
 * Level 4.3 Fighting
 * Level 3.9 Maces & Flails
 + Level 1.3 Throwing
 * Level 3.5 Dodging


You had one spell level left.
You didn't know any spells.

Dungeon Overview and Level Annotations

Branches:
Dungeon (1/1)

Altars:
Ashenzari
Cheibriados
Dithmenos
Elyvilon
Fedhas
Gozag
Hepliaklqana
Kikubaaqudgha
Makhleb
Nemelex Xobeh
Okawaru
Qazlal
Ru
Sif Muna
Trog
Uskayaw
Vehumet
Wu Jian
Xom
Yredelemnul
Zin
The Shining One
Beogh
Jiyva
Lugonu


Innate Abilities, Weirdness & Mutations

Your plain brown scales are hard. (AC +4)
You cannot fit into any form of body armour.
You are cold-blooded and may be slowed by cold attacks.


Message History

The orc hits you.
You hit the orc.
The orc is heavily wounded.
The orc hits you but does no damage. The orc closely misses you.
You hit the orc but do no damage.
The orc is heavily wounded.
The orc warrior hits you from afar with a halberd of freezing!
The orc warrior freezes you.
* * * LOW HITPOINT WARNING * * *
The orc barely misses you.
Unknown command.
Your skin crawls.
You feel resistant to hostile enchantments.
You feel somewhat more hungry. The orc warrior closely misses you.
The orc misses you.
Unknown command.
A red film seems to cover your vision as you go berserk!
You feel yourself moving faster!
You feel mighty!
You feel a lot more hungry.
The orc warrior hits you from afar with a halberd of freezing!
You die...

#_________.# #_________.#
#_______...###########++
##########+##...........
#.?(.+)))+.##......#..#.
##########.##...........
#...........'...........
#+#####รท#####......#..#.
#.)@og##...........
#####o#####+#####++
#.....##.......#
#.....##.......#
###g####.......# .o.
#...<...#


oo... #.......# ......##.......# #########.......# You could see an orc warrior,
an orc and a goblin.

Vanquished Creatures
  A gnoll (D)
  A bat (D)
  A hobgoblin (D)
  3 frilled lizards (D)
6 creatures vanquished.

Notes
Turn   | Place    | Note
-------+----------+-------------------------------------------
     0 | D        | Kidiri the Draconian Berserker began the quest for the Orb.
     0 | D        | Reached XP level 1. HP: 19/19 MP: 1/1
    51 | D        | Found a bloodstained altar of Trog.
    51 | D        | Found a deep blue altar of Sif Muna.
    51 | D        | Found a viscous altar of Jiyva.
    51 | D        | Found a hazy altar of Hepliaklqana.
    51 | D        | Found an opulent altar of Gozag.
    52 | D        | Found a glowing golden altar of the Shining One.
    52 | D        | Found a glowing silver altar of Zin.
    52 | D        | Found a basalt altar of Yredelemnul.
    52 | D        | Found a shimmering altar of Xom.
    52 | D        | Found an ornate altar of the Wu Jian Council.
    52 | D        | Found a sacrificial altar of Ru.
    52 | D        | Found a stormy altar of Qazlal.
    52 | D        | Found an iron altar of Okawaru.
    52 | D        | Found a sparkling altar of Nemelex Xobeh.
    52 | D        | Found a burning altar of Makhleb.
    52 | D        | Found a blossoming altar of Fedhas.
    52 | D        | Found a white marble altar of Elyvilon.
    52 | D        | Found a shadowy altar of Dithmenos.
    52 | D        | Found a snail-covered altar of Cheibriados.
    54 | D        | Found a radiant altar of Vehumet.
    54 | D        | Found a corrupted altar of Lugonu.
    54 | D        | Found a roughly hewn altar of Beogh.
    55 | D        | Found a hide-covered altar of Uskayaw.
    55 | D        | Found an ancient bone altar of Kikubaaqudgha.
    55 | D        | Found a shattered altar of Ashenzari.
    76 | D        | Reached ** piety under Trog
    94 | D        | Reached skill level 4 in Fighting
    94 | D        | Reached skill level 1 in Throwing
    94 | D        | Reached XP level 2. HP: 19/27 MP: 2/2
   179 | D        | Noticed an orc warrior
   189 | D        | Slain by an orc warrior

Vault maps used:
D:        pitsprint

Skill      XL: |  1 |
---------------+----+-----
Dodging        | 3 |  3.5
Fighting       | 4 |  4.3
Throwing       | 1 |  1.3
Maces & Flails | |  3.9

Action                   || total
-------------------------++-------
Melee: Mace              ||    18
       Tailslap          ||     3
Invok: Berserk           ||     1
       Trog's Hand       ||     1
Armor: Skin              ||     2
Dodge: Dodged            ||    12

Table legend:
 A = Spawn XP
 B = Non-spawn XP
 C = Spawn XP percentage of total XP
 D = Spawn monster count
 E = Non-spawn monster count
 F = Spawn count percentage of total count
 G = Total turns spent on level
                    A         B        C        D         E        F      G
               +---------+---------+-------+---------+---------+-------+---------
         Total |       0 |      21 |   0.0 |       0 |       6 |   0.0 |   189
               +---------+---------+-------+---------+---------+-------+---------
             D |       0 |      21 |   0.0 |       0 |       6 |   0.0 |   189
               +---------+---------+-------+---------+---------+-------+---------
